 Dungeon Crawl Stone Soup version 0.20.0 (webtiles) character file.

464386 Llamajah the Impregnable (level 24, -23/212 HPs)
             Began as a Barachi Fighter on June 27, 2017.
             Was the Champion of Okawaru.
             Annihilated by an ettin
             ... wielding a +0 dire flail
              (24 damage)
             ... while paralysed by a sphinx
             ... on level 5 of the Vaults.
             The game lasted 04:01:43 (50822 turns).

Llamajah the Impregnable (Barachi Fighter)         Turns: 50822, Time: 04:01:43

Health: -23/212    AC: 42    Str: 43    XL:     24   Next: 54%
Magic:  29/37      EV:  2    Int:  8    God:    Okawaru [******]
Gold:   920        SH:  0    Dex: 12    Spells: 23/23 levels left

rFire    + + .     SeeInvis +   K - +10 great sword of Gallantry {drain, rN+ MR+ MP+9}
rCold    . . .     Gourm    .   (shield currently unavailable)
rNeg     + . .     Faith    .   X - +11 plate armour of Wuhulag {rPois rF+ MR- Regen+ SInv}
rPois    +         Spirit   .   (helmet restricted)
rElec    +         Reflect  +   Z - +2 cloak {rPois}
rCorr    .         Harm     .   o - +2 pair of gloves {Str+3}
MR       +....                  j - +0 pair of boots "Okledoto" {rElec rF+ Str+6 Int-2}
Stlth    ..........             w - +3 amulet of reflection
Regen    1.3/turn               V - +4 ring of strength
MPRegen  0.3/turn               W - +6 ring of slaying

@: paralysed, very slightly contaminated, hasted and slowed, invisible
(expiring), slow
A: +LOS, swims, horns 1, regeneration 1, shaggy fur 1, slowness 1, strong 1,
strong legs 2
}: 2/15 runes: serpentine, barnacled
a: Hop, Heroism, Finesse, Renounce Religion


You were on level 5 of the Vaults.
You worshipped Okawaru.
Okawaru was exalted by your worship.
You were not hungry.

You visited 7 branches of the dungeon, and saw 40 of its levels.
You visited the Abyss 1 time.
You visited 1 bazaar.
You also visited: Ossuary and Ice Cave.

You collected 4428 gold pieces.
You spent 3508 gold pieces at shops.

Inventory:

Hand Weapons
 k - the +4 sword of Power
   (Okawaru gifted it to you on level 2 of the Depths)
 D - a +4 demon blade of flaming
 I - a +8 triple sword of slicing
 K - the +10 great sword of Gallantry (weapon) {drain, rN+ MR+ MP+9}
   (Okawaru gifted it to you on level 1 of the Vaults)

   A truly terrible weapon, it drains the life of those it strikes.
   It protects you from negative energy.
   It affects your resistance to hostile enchantments.
   It affects your magic capacity (+9).
 T - the +5 triple crossbow of Gippud Xomoq {elec, Str+4}
   (You found it on level 6 of the Lair of Beasts)

   It charges the ammunition it shoots with electricity; occasionally upon a
   hit, such missiles may discharge and cause terrible harm.
   It affects your strength (+4).
Missiles
 S - 1624 bolts
Armour
 a - a scarf of resistance
 j - the +0 pair of boots "Okledoto" (worn) {rElec rF+ Str+6 Int-2}
   (Okawaru gifted it to you on level 14 of the Dungeon)

   It affects your strength (+6).
   It affects your intelligence (-2).
   It protects you from fire.
   It insulates you from electricity.
 l - the +1 pair of gloves "Mosane" {rF- rN+++ SInv Stlth-}
   (You bought it in a shop on level 15 of the Dungeon)

   It makes you vulnerable to fire.
   It renders you almost immune to negative energy.
   It lets you see invisible.
   It makes you less stealthy.
 o - a +2 pair of gloves of strength (worn)
 X - the +11 plate armour of Wuhulag (worn) {rPois rF+ MR- Regen+ SInv}
   (You found it on level 2 of the Depths)

   It protects you from fire.
   It protects you from poison.
   It affects your resistance to hostile enchantments.
   It lets you see invisible.
   It increases your rate of regeneration.
 Z - a +2 cloak of poison resistance (worn)
Jewellery
 p - an uncursed ring of protection from fire
 w - a +3 amulet of reflection (around neck)
 M - an uncursed ring of protection from magic
 U - the ring "Safut" {rPois rC++ MP+9 Dex+2 Stlth-}
   (You found it on level 2 of the Depths)

   [ring of magical power]

   It affects your dexterity (+2).
   It greatly protects you from cold.
   It protects you from poison.
   It affects your magic capacity (+9).
   It makes you less stealthy.
 V - a +4 ring of strength (left hand)
 W - a +6 ring of slaying (right hand)
Wands
 d - a wand of disintegration (8/24)
 g - a wand of clouds (2/9)
 q - a wand of digging (13/24)
Scrolls
 b - 16 scrolls of identify
 m - a scroll of summoning
 r - 8 scrolls of magic mapping
 u - 16 scrolls of remove curse
 v - 22 scrolls of teleportation
 y - 2 scrolls of holy word
 B - 7 scrolls of recharging
 J - 11 scrolls of fog
 N - 8 scrolls of immolation
 Q - 5 scrolls of fear
 R - 7 scrolls of enchant armour
Potions
 h - 2 potions of might
 n - 6 potions of flight
 t - 3 potions of brilliance
 x - 7 potions of haste
 z - 2 potions of invisibility
 A - 3 potions of resistance
 F - 4 potions of agility
 G - 20 potions of curing
 H - 8 potions of magic
 L - a potion of berserk rage
 O - 8 potions of mutation
Comestibles
 f - 21 bread rations
 i - 32 fruits
 C - 15 meat rations


   Skills:
 * Level 22.4 Fighting
 + Level 22.2 Long Blades
 - Level 9.4 Crossbows
 * Level 22.5 Armour
 * Level 22.1 Dodging
   Level 3.2 Shields
 - Level 7.8 Invocations
 - Level 7.6 Evocations


You had 23 spell levels left.
You didn't know any spells.

Dungeon Overview and Level Annotations

Branches:
Dungeon (15/15)            Temple (0/1) D:6            Lair (6/6) D:10
 Shoals (4/4) Lair:4        Snake (4/4) Lair:2        Slime (0/5) Lair:5
    Orc (2/2) D:11            Elf (0/3) Orc:2        Vaults (5/5) D:14
  Crypt (0/3) Vaults:3     Depths (4/5) D:15

Altars:
Fedhas
Gozag
Hepliaklqana
Kikubaaqudgha
Makhleb
Nemelex Xobeh
Okawaru
Ru
Sif Muna
Trog
Uskayaw
Vehumet
The Shining One
Beogh
Jiyva

Shops:
D:6 =   D:15 :[%   Orc:1 ?   Orc:2 !(((   Vaults:1 *   Vaults:4 *

Portals:
Hell: Depths:1 Depths:2 Depths:3
Abyss: Depths:1
Pandemonium: Depths:1 Depths:2 Depths:3
Ziggurat: Depths:2
Trove: Vaults:1 (give horn of Geryon)

Annotations:
Vaults:5 Frederick, Margery


Innate Abilities, Weirdness & Mutations

Shadows flee at your approach. (+LOS)
You can swim through water.
You cover ground slowly.
You can hop longer distances.
You have a pair of small horns on your head.
Your natural rate of healing is unusually fast.
You are covered in fur. (AC +1)
Your muscles are strong. (Str +2)


Message History

* * * LOW HITPOINT WARNING * * *
You hold your ground!
The runic seal fades away.
The merfolk changes into a deep troll!
The deep elf mage casts a spell.
The sphinx hits you!
* * * LOW HITPOINT WARNING * * *
The sphinx completely misses you. The sphinx hits you.
* * * LOW HITPOINT WARNING * * *
The ettin hits you but does no damage. x2; The golden dragon bites you!
* * * LOW HITPOINT WARNING * * *
The golden dragon claws you but does no damage.
The golden dragon tramples you!
* * * LOW HITPOINT WARNING * * *
You hold your ground!
The sphinx hits you but does no damage. x3; The golden dragon bites you!
* * * LOW HITPOINT WARNING * * *
The golden dragon claws you but does no damage.
The golden dragon tramples you but does no damage.
The ettin hits you but does no damage. The ettin hits you with a dire flail!!
You die...

#e..#...###
#.φ$##+##
#:..#...####
##+.....}###
.....+......p..)##
.....#.....[.....#
.... ##........C.#
... #....O..sD.#
.. #}....T.pH@# .
##[...4esC#+
###...4### #####+


You could see an ironheart preserver, a titan, a golden dragon, a sphinx, a
vault warden, an ettin, 2 demonic crawlers, a two-headed ogre, a deep troll
shaped shifter, an ice devil, a deep elf mage and a chaos spawn.

Vanquished Creatures
  Mara (Snake:4)
  2 juggernauts (Depths:3)
  Boris (Vaults:4)
  Saint Roka (Snake:4)
  Vashnia (Snake:2)
  A golden dragon (Depths:2)
  2 liches
  The ghost of adibis the Brawler, an adept TrWr of Ru (Shoals:3)
  A quicksilver dragon (Vaults:5)
  3 sphinxes
  A kraken (Shoals:4)
  Ilsuiw (Shoals:3)
  2 shadow dragons
  3 tengu reavers
  The ghost of dipablo the Warrior, a journeyman MiFi of Okawaru (D:14)
  6 fire giants
  10 nagarajas
  A deep elf sorcerer (Vaults:4)
  10 vault wardens
  Aizul (Snake:2)
  The ghost of Duelies the Severer, a journeyman DsFi of Okawaru (Snake:4)
  Louise (Shoals:3)
  5 frost giants
  A reaper (Depths:2)
  15 ironheart preservers
  21 stone giants
  2 spriggan defenders
  13 very ugly things
  2 vampire knights
  2 deep elf annihilators
  A deep elf demonologist (Vaults:4)
  Nessos (Lair:6)
  A spark wasp (Depths:3)
  2 deep elf death magi
  6 eidola
  A blizzard demon (Abyss:2)
  16 ettins
  5 merfolk impalers
  A crystal guardian (Vaults:3)
  9 merfolk javelineers
  2 deep elf high priests
  9 fire dragons
  6 yaktaur captains
  4 great orbs of eyes
  7 ice dragons
  22 naga warriors
  4 hydras
  2 merfolk avatars
  34 vault guards
  12 centaur warriors
  3 rakshasas
  2 spriggan air magi
  An anaconda (shapeshifter) (Vaults:4)
  6 death knights
  18 ogre magi
  10 anacondas
  6 merfolk aquamancers
  A tengu warrior (Depths:4)
  A vampire mage (Depths:1)
  8 deep troll earth magi
  8 deep troll shamans
  59 two-headed ogres
  12 shock serpents
  A spriggan berserker (Depths:3)
  2 death yaks (IceCv)
  23 naga sharpshooters
  7 deep elf knights
  2 sun demons
  A storm dragon zombie (Depths:3)
  2 wretched stars (Abyss:2)
  4 salamander mystics
  6 skeletal warriors
  An iron troll (shapeshifter) (Depths:3)
  7 sea snakes
  An unseen horror (shapeshifter) (Depths:2)
  A shadow wraith (Vaults:4)
  3 glowing orange brains
  4 unseen horrors
  17 deep trolls
  8 wizards
  7 deep elf archers
  4 flayed ghosts
  6 naga ritualists
  26 harpies
  6 phantasmal warriors
  16 orc knights
  A wolf spider (Vaults:4)
  4 necromancers
  32 ugly things
  2 wolf spider zombies (D:14)
  18 mana vipers
  An iron dragon zombie (Depths:3)
  12 cyclopes
  18 deep elf magi
  14 ironbrand convokers
  3 orc sorcerers
  A fire giant zombie (Depths:1)
  16 salamanders
  A frost giant zombie (Vaults:3)
  2 worldbinders (Abyss:2)
  6 manticores
  A stone giant skeleton (Vaults:3)
  8 merfolk sirens
  A sphinx skeleton (Depths:3)
  2 fauns
  29 black mambas
  14 guardian serpents
  A guardian serpent (shapeshifter) (Vaults:1)
  15 water nymphs
  14 vault sentinels
  An ice statue (IceCv)
  An eye of devastation (shapeshifter) (Depths:2)
  3 orange demons
  9 centaur skeletons
  Psyche (D:8)
  30 naga magi
  25 spiny frogs
  5 spectral swamp worms (Depths:1)
  A rime drake (Lair:3)
  11 freezing wraiths
  A yaktaur (shapeshifter) (Vaults:3)
  An ice devil (Depths:2)
  A spark wasp simulacrum (Depths:1)
  5 komodo dragons
  38 yaktaurs
  6 tengu conjurers
  2 kobold demonologists
  31 merfolk
  A polar bear (shapeshifter) (Depths:1)
  17 trolls
  4 hornets
  Grinder (D:3)
  2 hippogriffs (shapeshifter) (Vaults:2)
  17 polar bears
  3 wind drakes
  A wind drake (shapeshifter) (Vaults:1)
  A hornet (shapeshifter) (Vaults:2)
  A meliai zombie (D:14)
  A deep troll zombie (Depths:1)
  42 blink frogs
  A frost giant simulacrum (Vaults:3)
  5 tyrant leeches (Lair:6)
  13 hippogriffs
  A dream sheep (shapeshifter) (D:14)
  21 dream sheep
  A raiju (Abyss:2)
  21 slime creatures
  A blink frog (shapeshifter) (Vaults:2)
  6 snapping turtles
  A fire dragon zombie (Depths:1)
  5 flying skulls
  2 air elementals (Depths:3)
  6 wraiths
  4 shadows
  Eustachio (D:4)
  52 yaks
  5 wyverns
  9 water elementals
  Grum (Lair:1)
  3 hungry ghosts
  The ghost of Llamajah the Skirmisher, an amateur BaFi of Okawaru (D:4)
  A yak (shapeshifter) (Vaults:4)
  3 basilisks
  8 vampire mosquitoes
  A yaktaur simulacrum (Vaults:1)
  6 wargs
  A warg (shapeshifter) (Vaults:1)
  2 swamp worms (shapeshifter)
  80 nagas
  4 soldier ants
  An acid dragon (Vaults:1)
  18 water moccasins
  5 large abominations
  Duvessa (D:5)
  A floating eye (shapeshifter) (Vaults:4)
  4 porcupines
  3 black bears
  An ice beast (shapeshifter) (Vaults:2)
  40 orc warriors
  15 ice beasts
  A black bear (shapeshifter) (D:12)
  2 eyes of draining
  3 phantoms
  2 sky beasts
  A spriggan simulacrum (Depths:3)
  5 boggarts (D:15)
  62 ogres
  13 wolves
  A boggart (shapeshifter) (Depths:3)
  13 human skeletons
  26 centaurs
  9 crocodiles
  7 big kobolds
  27 bullfrogs
  3 wyvern zombies
  Dowan (D:5)
  A wyvern skeleton (D:14)
  13 killer bees
  5 scorpions
  12 wights
  8 howler monkeys
  8 crimson imps
  11 centaur zombies
  3 jellies
  A small abomination (Abyss:2)
  8 hounds
  6 bullfrog skeletons
  19 orc priests
  16 orc wizards
  6 iguanas
  Ijyb (D:3)
  Natasha (twice) (D:2 D:4)
  6 worker ants
  A hound skeleton (D:10)
  A worker ant zombie (D:10)
  Robin (D:2)
  4 gnolls (D:7)
  23 adders
  3 shadow imps
  A white imp (Depths:3)
  An ooze (D:1)
  An adder zombie (Ossuary)
  A worm (D:2)
  3 dart slugs
  8 leopard geckos
  129 orcs
  3 giant cockroaches
  15 goblins
  11 hobgoblins
  10 jackals
  8 quokkas
  2 ball pythons
  A ball python skeleton (Ossuary)
  11 bats
  5 frilled lizards
  A giant cockroach zombie (D:6)
  2 hobgoblin skeletons (Ossuary)
  4 hobgoblin zombies (Ossuary)
  A jackal skeleton (D:4)
  A jackal zombie (D:5)
  42 kobolds
  A leopard gecko zombie (D:5)
  An orc zombie (Ossuary)
  7 rats
  A bush (Shoals:3)
  A butterfly (Lair:2)
  A crawling corpse (Vaults:4)
  A fungus (Lair:6)
  3 plants
  4 tentacles (Shoals:4)
1998 creatures vanquished.

Vanquished Creatures (others)
  An ogre mage (Vaults:1)
  A vampire mage (Depths:2)
  A shadow wraith (Vaults:5)
  A cyclops (D:15)
  An ogre (Vaults:2)
  A wolf (IceCv)
  2 centaurs
  A hound (D:14)
  An orc wizard (D:4)
  A kobold (D:14)
  A bush (Shoals:3)
  9 fungi
  30 plants
  5 tentacles (Shoals:4)
56 creatures vanquished.

Grand Total: 2054 creatures vanquished

Notes
Turn   | Place    | Note
-------+----------+-------------------------------------------
     0 | D:1      | Llamajah the Barachi Fighter began the quest for the Orb.
     0 | D:1      | Reached XP level 1. HP: 18/18 MP: 1/1
   139 | D:1      | Reached XP level 2. HP: 25/25 MP: 2/2
   473 | D:1      | Reached XP level 3. HP: 27/30 MP: 3/3
   474 | D:1      | Reached skill level 1 in Dodging
   929 | D:2      | Noticed Robin
   999 | D:2      | Killed Robin
   999 | D:2      | Reached XP level 4. HP: 13/37 MP: 4/4
  1183 | D:2      | Found an ancient bone altar of Kikubaaqudgha.
  1185 | D:2      | Noticed Natasha
  1203 | D:2      | Killed Natasha
  1574 | D:2      | Reached XP level 5. HP: 42/43 MP: 5/5
  1967 | D:3      | Found a hide-covered altar of Uskayaw.
  1987 | D:3      | Found a glowing golden altar of the Shining One.
  2092 | D:3      | Noticed Ijyb
  2298 | D:3      | Killed Ijyb
  2563 | D:3      | Found an opulent altar of Gozag.
  2752 | D:3      | Noticed Grinder
  2757 | D:3      | Paralysed by Grinder for 7 turns
  2771 | D:3      | Killed Grinder
  2771 | D:3      | Reached skill level 5 in Fighting
  2771 | D:3      | Reached skill level 5 in Armour
  2771 | D:3      | Reached XP level 6. HP: 13/51 MP: 6/6
  2888 | D:3      | Found a radiant altar of Vehumet.
  3327 | D:3      | Found an iron altar of Okawaru.
  3337 | D:3      | Became a worshipper of Warmaster Okawaru
  3398 | D:4      | Noticed Llamajah's ghost (amateur BaFi)
  3683 | D:4      | Reached XP level 7. HP: 53/56 MP: 7/7
  3693 | D:4      | Noticed Eustachio
  3723 | D:4      | Killed Eustachio
  3925 | D:4      | Reached skill level 1 in Invocations
  4238 | D:4      | Noticed Natasha
  4243 | D:4      | Killed Natasha
  4243 | D:4      | Reached * piety under Okawaru
  4243 | D:4      | Reached skill level 5 in Dodging
  4468 | D:4      | Reached skill level 5 in Long Blades
  4731 | D:4      | Killed Llamajah's ghost
  4731 | D:4      | Reached XP level 8. HP: 46/64 MP: 7/9
  4808 | D:5      | Entered Level 5 of the Dungeon
  4809 | D:5      | Noticed Duvessa
  4810 | D:5      | Noticed Dowan
  4988 | D:5      | Killed Duvessa
  5005 | D:5      | Killed Dowan
  5006 | D:5      | Gained mutation: Your natural rate of healing is unusually fast. [potion of mutation]
  5006 | D:5      | Gained mutation: You are covered in fur. (AC +1) [potion of mutation]
  5006 | D:5      | Gained mutation: You have a pair of small horns on your head. [potion of mutation]
  5006 | D:5      | Gained mutation: Your muscles are strong. (Str +2) [potion of mutation]
  5324 | D:5      | Got a faintly glowing scale mail
  5335 | D:5      | Identified the cursed +0 scale mail of the Zebra {rPois rF- Str+4 Dex+2} (You found it on level 5 of the Dungeon)
  5488 | D:5      | Reached ** piety under Okawaru
  5540 | D:5      | Got a pitted rapier
  5541 | D:5      | Identified the +6 rapier of Nommuaf {holy, rPois rC+} (You found it on level 5 of the Dungeon)
  5793 | D:5      | Reached XP level 9. HP: 66/71 MP: 11/11
  5935 | D:6      | Found a blossoming altar of Fedhas.
  6128 | D:6      | Found Ovvacesy's Jewellery Shop.
  6231 | D:6      | Found a staircase to the Ecumenical Temple.
  6465 | D:6      | Found a sacrificial altar of Ru.
  6611 | D:7      | Found a blossoming altar of Fedhas.
  6746 | D:7      | Found a burning altar of Makhleb.
  6893 | D:7      | Reached *** piety under Okawaru
  6985 | D:8      | Found a sand-covered staircase.
  6990 | Ossuary  | Entered an ossuary
  7284 | D:8      | Reached XP level 10. HP: 61/80 MP: 13/13
  7700 | D:8      | Noticed Psyche
  7706 | D:8      | Reached **** piety under Okawaru
  7719 | D:8      | Killed Psyche
  8398 | D:7      | Received a gift from Okawaru
  8607 | D:7      | Got a scorched rapier
  8608 | D:7      | Identified the +4 rapier of the Pits of Slime {freeze, rF- Str+5} (You found it on level 7 of the Dungeon)
  8922 | D:6      | Reached skill level 5 in Invocations
  9127 | D:9      | Found a bloodstained altar of Trog.
  9192 | D:9      | Noticed a centaur warrior
  9192 | D:9      | Noticed a two-headed ogre
  9195 | D:9      | Noticed a stone giant
  9198 | D:9      | Killed a two-headed ogre
  9198 | D:9      | Reached ***** piety under Okawaru
  9198 | D:9      | Reached skill level 10 in Dodging
  9242 | D:9      | Found a deep blue altar of Sif Muna.
  9360 | D:9      | Found a sparkling altar of Nemelex Xobeh.
  9375 | D:9      | Reached XP level 11. HP: 86/87 MP: 15/15
  9469 | D:9      | Found Lupeanepa's Antique Armour Boutique.
  9779 | D:9      | Found a hazy altar of Hepliaklqana.
  9816 | D:10     | Entered Level 10 of the Dungeon
 10007 | D:10     | Found a staircase to the Lair.
 10029 | D:10     | Noticed a two-headed ogre
 10037 | D:10     | Killed a two-headed ogre
 10078 | D:10     | Received a gift from Okawaru
 10540 | D:11     | Noticed a purple ugly thing
 10557 | D:11     | Killed a purple ugly thing
 10557 | D:11     | Reached skill level 10 in Armour
 10680 | D:11     | Found a roughly hewn altar of Beogh.
 10680 | D:11     | Found a staircase to the Orcish Mines.
 10690 | D:11     | Noticed an unseen horror
 10706 | D:11     | Killed an unseen horror
 10946 | D:11     | Reached skill level 10 in Fighting
 11181 | D:11     | Reached XP level 12. HP: 96/97 MP: 17/17
 11322 | D:11     | Got an ichor-stained chain mail
 11333 | D:11     | Identified the cursed +0 chain mail of Yskalade {*Slow rPois rF+++ SInv} (You took it off an orc on level 11 of the Dungeon)
 11624 | D:12     | Identified a scroll of acquirement
 11673 | D:12     | Noticed a two-headed ogre
 11678 | D:12     | Received a gift from Okawaru
 11684 | D:12     | Killed a two-headed ogre
 11684 | D:12     | Reached skill level 10 in Long Blades
 11694 | D:12     | Noticed a two-headed ogre
 11742 | D:12     | Killed a two-headed ogre
 12251 | D:13     | Reached ****** piety under Okawaru
 12253 | D:13     | Noticed a five-headed hydra
 12466 | Lair:1   | Entered Level 1 of the Lair of Beasts
 12551 | Lair:1   | Noticed Grum
 12558 | Lair:1   | Killed Grum
 13082 | Lair:1   | Noticed a seven-headed hydra
 13105 | Lair:2   | Gained mutation: You can hop longer distances. [Barachi growth]
 13105 | Lair:2   | Reached XP level 13. HP: 103/106 MP: 18/18
 13129 | Lair:2   | Found a staircase to the Snake Pit.
 13138 | Lair:2   | Received a gift from Okawaru
 13179 | Lair:2   | Reached skill level 1 in Evocations
 15640 | Lair:4   | Found a staircase to the Shoals.
 15922 | D:6      | Bought the amulet of Vitality {Regen+ HP+15} for 869 gold pieces
 15947 | D:7      | Found a burning altar of Makhleb.
 16177 | D:9      | Killed a stone giant
 16177 | D:9      | Received a gift from Okawaru
 16752 | Lair:5   | Found a staircase to the Slime Pits.
 16752 | Lair:5   | Found a viscous altar of Jiyva.
 16837 | Lair:5   | Reached XP level 14. HP: 116/116 MP: 19/19
 17105 | Lair:6   | Entered Level 6 of the Lair of Beasts
 17150 | Lair:6   | Reached skill level 5 in Evocations
 17296 | Lair:6   | Received a gift from Okawaru
 17332 | Lair:6   | Noticed Nessos
 17345 | Lair:6   | Killed Nessos
 17435 | Lair:6   | Found a frozen archway.
 17470 | IceCv    | Entered an ice cave
 17979 | IceCv    | Noticed a frost giant
 17999 | IceCv    | Killed a frost giant
 18307 | Lair:6   | Received a gift from Okawaru
 18318 | Lair:6   | Reached XP level 15. HP: 106/124 MP: 20/20
 18399 | Lair:6   | Identified Sif Muna's Papyrus of Lethal Ice
 18593 | Lair:6   | Identified Sif Muna's Collected Works on Twisted Lightness
 18661 | Lair:6   | Got a bloodstained triple crossbow
 18811 | Lair:6   | Identified the +5 triple crossbow of Gippud Xomoq {elec, Str+4} (You found it on level 6 of the Lair of Beasts)
 19408 | D:13     | Reached skill level 15 in Dodging
 20221 | D:14     | Received a gift from Okawaru
 20228 | D:14     | Got a pair of distressingly furry boots {god gift}
 20243 | D:13     | Identified the +0 pair of boots "Okledoto" {rElec rF+ Str+6 Int-2} (Okawaru gifted it to you on level 14 of the Dungeon)
 21133 | D:14     | Noticed dipablo's ghost (journeyman MiFi)
 21143 | D:14     | Killed dipablo's ghost
 21224 | D:14     | Reached XP level 16. HP: 80/134 MP: 21/21
 21246 | D:14     | Found a gate to the Vaults.
 21389 | D:15     | Entered Level 15 of the Dungeon
 21425 | D:15     | Found a burning altar of Makhleb.
 21481 | D:15     | Found Ibla's Book Boutique.
 21659 | D:15     | Reached skill level 15 in Fighting
 21673 | D:15     | Reached skill level 15 in Armour
 21984 | D:15     | Found a staircase to the Depths.
 22064 | D:15     | Found Jarrogimp's Antique Armour Shop.
 22073 | D:15     | Bought a pair of faintly glowing gloves for 351 gold pieces
 22087 | D:15     | Identified the +1 pair of gloves "Mosane" {rF- rN+++ SInv Stlth-} (You bought it in a shop on level 15 of the Dungeon)
 22124 | D:15     | Found Leamm's Food Emporium.
 22615 | Orc:1    | Entered Level 1 of the Orcish Mines
 22678 | Orc:1    | Reached skill level 15 in Long Blades
 22832 | Orc:1    | Found Kacadeze's Magic Scroll Shop.
 22840 | Orc:1    | Bought a scroll of holy word for 120 gold pieces
 22840 | Orc:1    | Bought a scroll of blinking for 120 gold pieces
 22840 | Orc:1    | Bought a scroll of teleportation for 48 gold pieces
 23141 | Orc:2    | Entered Level 2 of the Orcish Mines
 23388 | Orc:2    | Found a staircase to the Elven Halls.
 23408 | Orc:2    | Received a gift from Okawaru
 23409 | Orc:2    | Got a polished cloak {god gift}
 23556 | Orc:1    | Identified the +0 cloak of Weirdness {MR+ Int+4} (Okawaru gifted it to you on level 2 of the Orcish Mines)
 23595 | Orc:2    | Found Ewuewo's Weapon Boutique.
 23600 | Orc:2    | Found Legeh's Weapon Shop.
 23720 | Orc:2    | Found Cigas's Distillery.
 23739 | Orc:2    | Found Pisigeh's Antique Weapon Boutique.
 23825 | Orc:2    | Bought a potion of resistance for 120 gold pieces
 23825 | Orc:2    | Bought a potion of mutation for 96 gold pieces
 23825 | Orc:2    | Bought a potion of curing for 36 gold pieces
 24092 | Snake:1  | Entered Level 1 of the Snake Pit
 24278 | Snake:1  | Reached XP level 17. HP: 130/144 MP: 22/22
 24990 | Snake:1  | Received a gift from Okawaru
 25857 | Shoals:1 | Entered Level 1 of the Shoals
 25881 | Shoals:1 | Reached skill level 1 in Crossbows
 26841 | D:15     | Bought a shiny plate armour for 962 gold pieces
 27256 | Shoals:2 | Received a gift from Okawaru
 28034 | Shoals:3 | Received a gift from Okawaru
 28045 | Shoals:3 | Got a transparent long sword {god gift}
 28058 | Shoals:3 | Noticed adibis's ghost (adept TrWr)
 28079 | Shoals:3 | Killed adibis's ghost
 28264 | Shoals:3 | Identified the +1 long sword "Noistol" {drain, rF+} (Okawaru gifted it to you on level 3 of the Shoals)
 28283 | Shoals:3 | Noticed Louise
 28297 | Shoals:3 | Killed Louise
 29072 | Shoals:4 | Entered Level 4 of the Shoals
 29135 | Shoals:4 | Received a gift from Okawaru
 29792 | Shoals:4 | Got a barnacled rune of Zot
 29827 | Shoals:4 | Reached XP level 18. HP: 153/153 MP: 23/23
 29842 | Shoals:4 | Noticed Ilsuiw
 29850 | Shoals:4 | Received a gift from Okawaru
 29869 | Shoals:3 | Killed Ilsuiw
 30112 | Shoals:3 | Reached skill level 5 in Crossbows
 30729 | Shoals:4 | Got a smoking plate armour
 30740 | Shoals:4 | Identified the +4 plate armour of the Centipede {Str+2} (You found it on level 4 of the Shoals)
 32168 | Snake:2  | Noticed Vashnia
 32469 | Snake:2  | Noticed Aizul
 32478 | Snake:2  | Killed Aizul
 32778 | Snake:2  | Killed Vashnia
 32778 | Snake:2  | Received a gift from Okawaru
 32967 | Snake:2  | Received a gift from Okawaru
 32967 | Snake:2  | Reached XP level 19. HP: 122/162 MP: 14/24
 33206 | Snake:2  | Received a gift from Okawaru
 33209 | Snake:2  | Got a fine long sword {god gift}
 33331 | Snake:2  | Identified the +2 long sword of Karma {freeze, Str+4} (Okawaru gifted it to you on level 2 of the Snake Pit)
 33767 | Snake:3  | Got a flickering garnet amulet
 33769 | Snake:3  | Identified the amulet "Uschuin" {Spirit +Fly Stlth+} (You acquired it on level 3 of the Snake Pit)
 34303 | Snake:4  | Entered Level 4 of the Snake Pit
 34475 | Snake:4  | Received a gift from Okawaru
 34484 | Snake:4  | Got a brightly glowing arbalest {god gift}
 34572 | Snake:3  | Identified the +9 arbalest of Jiewk {freeze, +Blink rElec rPois Str-2} (Okawaru gifted it to you on level 4 of the Snake Pit)
 34601 | Snake:4  | Noticed Saint Roka
 34620 | Snake:4  | Killed Saint Roka
 34918 | Snake:4  | Received a gift from Okawaru
 34931 | Snake:4  | Noticed Duelies's ghost (journeyman DsFi)
 35094 | Snake:4  | Killed Duelies's ghost
 35094 | Snake:4  | Received a gift from Okawaru
 35499 | Snake:4  | Noticed Mara
 35551 | Snake:4  | Noticed Llamajah's illusion
 35687 | Snake:4  | Killed Mara
 35687 | Snake:4  | Received a gift from Okawaru
 35687 | Snake:4  | Reached XP level 20. HP: 107/172 MP: 19/25
 36603 | Snake:4  | Got a serpentine rune of Zot
 37148 | Vaults:1 | Entered Level 1 of the Vaults
 37203 | Vaults:1 | Received a gift from Okawaru
 37210 | Vaults:1 | Got a crystal great sword {god gift}
 37226 | Vaults:1 | Identified the +10 great sword of Gallantry {drain, rN+ MR+ MP+9} (Okawaru gifted it to you on level 1 of the Vaults)
 37731 | Vaults:1 | Found a portal to a secret trove of treasure.
 37876 | Vaults:1 | Received a gift from Okawaru
 37880 | Vaults:1 | Got a scorched triple sword {god gift}
 37881 | Vaults:1 | Identified the +1 triple sword of Darkness {drain, Int+3} (Okawaru gifted it to you on level 1 of the Vaults)
 37967 | Vaults:1 | Found Qidac's Assorted Antiques.
 37970 | Vaults:1 | Bought a scroll of teleportation for 84 gold pieces
 37970 | Vaults:1 | Bought a scroll of enchant weapon for 210 gold pieces
 37970 | Vaults:1 | Bought a potion of haste for 280 gold pieces
 38155 | Vaults:1 | Identified Suadoh's Grimoire of Conjuration
 38603 | Vaults:1 | Reached XP level 21. HP: 174/181 MP: 26/26
 38815 | Vaults:2 | Found a flickering gateway to a bazaar.
 38824 | Vaults:2 | Received a gift from Okawaru
 38867 | Bazaar   | Entered a bazaar
 38870 | Bazaar   | Found Feitu's Weapon Shoppe.
 38884 | Bazaar   | Found Xexuz's Gadget Boutique.
 38890 | Bazaar   | Found Laesuol's Book Boutique.
 38902 | Bazaar   | Found Edeth's Magic Scroll Shoppe.
 38906 | Bazaar   | Found Mebitz's Jewellery Boutique.
 38923 | Bazaar   | Bought a scroll of teleportation for 27 gold pieces
 38923 | Bazaar   | Bought a scroll of fear for 31 gold pieces
 38923 | Bazaar   | Bought a scroll of teleportation for 27 gold pieces
 39083 | Vaults:2 | Received a gift from Okawaru
 40963 | Vaults:3 | Received a gift from Okawaru
 41074 | Vaults:3 | Found a staircase to the Crypt.
 41128 | Vaults:3 | Received a gift from Okawaru
 41487 | Vaults:3 | Cast into level 2 of the Abyss (a wizard)
 41493 | Abyss:2  | Found a corrupted altar of Lugonu.
 41500 | Abyss:2  | Found a corrupted altar of Lugonu.
 41586 | Abyss:2  | Found a corrupted altar of Lugonu.
 41670 | Abyss:2  | Received a gift from Okawaru
 41680 | Vaults:3 | Escaped the Abyss
 41882 | Vaults:4 | Reached XP level 22. HP: 186/190 MP: 27/27
 42146 | Vaults:4 | Noticed Boris
 42318 | Vaults:4 | Received a gift from Okawaru
 43081 | Vaults:4 | Found Kayffeq's General Store.
 43093 | Vaults:4 | Bought a scroll of blinking for 127 gold pieces
 43227 | Vaults:4 | Killed Boris
 43227 | Vaults:4 | Received a gift from Okawaru
 44045 | Vaults:4 | Received a gift from Okawaru
 44460 | Vaults:5 | Entered Level 5 of the Vaults
 44546 | Vaults:4 | Received a gift from Okawaru
 44549 | Vaults:4 | Paralysed by a floating eye for 4 turns
 44913 | Vaults:4 | Received a gift from Okawaru
 44918 | Vaults:4 | Reached XP level 23. HP: 147/200 MP: 28/28
 45510 | Vaults:5 | Noticed Frederick
 45801 | Depths:1 | Entered Level 1 of the Depths
 45801 | Depths:1 | Found a one-way gate leading to the halls of Pandemonium.
 46151 | Depths:1 | Found a gateway to Hell.
 46199 | Depths:1 | Found a one-way gate to the infinite horrors of the Abyss.
 46396 | Depths:1 | Received a gift from Okawaru
 47008 | Depths:2 | Found a gateway to a ziggurat.
 47479 | Depths:2 | Noticed a golden dragon
 47484 | Depths:2 | Killed a golden dragon
 47608 | Depths:2 | Got a scorched silver ring
 47631 | Depths:2 | Got a translucent plate armour
 47642 | Depths:2 | Identified the +11 plate armour of Wuhulag {rPois rF+ MR- Regen+ SInv} (You found it on level 2 of the Depths)
 47642 | Depths:2 | Identified the ring "Safut" {rPois rC++ MP+9 Dex+2 Stlth-} (You found it on level 2 of the Depths)
 47713 | Depths:2 | Received a gift from Okawaru
 48371 | Depths:3 | Reached XP level 24. HP: 210/210 MP: 28/28
 48723 | Depths:3 | Received a gift from Okawaru
 48740 | Depths:3 | Paralysed by a great orb of eyes for 5 turns
 48791 | Depths:3 | Received a gift from Okawaru
 48964 | Depths:3 | Paralysed by a vampire knight for 4 turns
 48979 | Depths:3 | Noticed a juggernaut
 48987 | Depths:3 | Killed a juggernaut
 48987 | Depths:3 | Received a gift from Okawaru
 49040 | Depths:3 | Noticed a juggernaut
 49045 | Depths:3 | Killed a juggernaut
 49148 | Depths:3 | Got a slimy marble ring
 49155 | Depths:3 | Identified the ring "Falakh" {MP+9 Dex+3} (You found it on level 3 of the Depths)
 50793 | Vaults:5 | Noticed Margery
 50818 | Vaults:5 | Paralysed by a sphinx for 6 turns
 50821 | Vaults:5 | HP: 10/212 [golden dragon (8)]
 50822 | Vaults:5 | HP: 1/212 [golden dragon (10)]
 50822 | Vaults:5 | Annihilated by an ettin

Skill      XL: |  1  2  3  4  5  6  7  8  9 10 11 12 13 14 15 16 17 18 19 20 21 22 23 24 |
---------------+-------------------------------------------------------------------------+-----
Long Blades    | 3 4 5 6 7 8 9 10 11 13 14 15 16 17 18 19 20 21 22 | 22.2
Dodging        | 1 2 4 5 6 8 10 11 13 14 15 16 17 18 19 20 21 22 | 22.1
Fighting       | 4 5 6 7 8 10 11 12 13 14 15 16 17 18 19 20 21 22 | 22.4
Armour         | 4 5 6 7 8 9 10 11 12 13 14 15 16 17 18 19 20 21 22 | 22.5
Invocations    | 1 3 4 5 6 7 |  7.8
Evocations     | 4 7 |  7.6
Crossbows      | 4 7 8 9 |  9.4
Shields        | |  3.2

Action                   |  1- 3 |  4- 6 |  7- 9 | 10-12 | 13-15 | 16-18 | 19-21 | 22-24 || total
-------------------------+-------+-------+-------+-------+-------+-------+-------+-------++-------
Melee: Long sword        |    66 |       |       |       |       |       |       |       ||    66
       Short sword       |    46 |   232 |   285 |   322 |    27 |       |       |       ||   912
       Rapier            |       |       |   165 |   354 |   315 |       |       |       ||   834
       Headbutt          |       |       |    53 |   202 |   281 |   358 |   444 |   378 ||  1716
       Punch             |       |       |       |     3 |       |       |       |       ||     3
       Demon blade       |       |       |       |   128 |   685 |  1037 |   527 |     5 ||  2382
       Great sword       |       |       |       |       |       |       |   647 |   872 ||  1519
Invok: Heroism           |       |       |     3 |     3 |     3 |     7 |     8 |     5 ||    29
       Finesse           |       |       |       |       |       |       |     3 |     1 ||     4
 Abil: Hop               |       |     1 |     1 |     4 |     1 |    10 |     5 |     1 ||    23
Evoke: Wand              |       |       |       |     4 |       |     4 |       |     1 ||     9
  Use: Potion            |       |     2 |     5 |       |       |       |     3 |     5 ||    15
       Scroll            |       |       |       |    36 |     9 |    12 |     8 |    11 ||    76
  Eat: Chunk             |     1 |     9 |    12 |    19 |    25 |    30 |    20 |    21 ||   137
       Royal jelly       |       |       |     1 |     1 |     1 |     7 |     6 |     3 ||    19
       Meat ration       |       |       |       |       |     1 |       |       |       ||     1
       Fruit             |       |       |       |       |       |       |       |     7 ||     7
Armor: Scale mail        |    45 |    78 |   110 |    51 |       |       |       |       ||   284
       Skin              |       |       |     3 |       |       |       |       |       ||     3
       Plate armour      |       |       |       |   149 |       |   278 |   469 |   537 ||  1433
       Chain mail        |       |       |       |    66 |   345 |    97 |       |       ||   508
Dodge: Dodged            |    48 |    98 |   233 |   401 |   588 |   694 |   854 |   861 ||  3777
Block: Shield            |    30 |       |       |       |       |       |       |       ||    30
       Buckler           |       |       |       |    86 |   331 |   480 |   265 |       ||  1162
       Reflection        |       |       |       |       |     5 |    72 |    31 |    12 ||   120
       Other             |       |       |       |       |       |       |    29 |   115 ||   144
       Rpst.: Long sword |     6 |       |       |       |       |       |       |       ||     6
       Demon blade       |       |       |       |    25 |    87 |   114 |    51 |     1 ||   278
       Great sword       |       |       |       |       |       |       |   106 |   155 ||   261
